cohdb
Replays
Latest Replays
All Replays
Popular Replays
Top Player Replays
Match Explorer
How It Works
Community
CoH3 Stats
Reddit
Sign in to upload your games and track your stats! →
Sign in with Steam
Match 43365264
Unlisted
Match 43365264
Overview
Messages
Build Orders
End
Construct Section Command Post
Infantry Section
Infantry Section
ML 3-inch Mortar Team
Construct Field Infirmary
Infantry Section
Construct Platoon Command Post
Infantry Training
Unlock M3 Stuart Light Tanks
M3 Stuart Light Tank
Grenade Package
6-pounder Anti-tank Gun Team
Selects Heavy Armor Battlegroup
Selects Rigorous Vehicle Training
M3 Stuart Light Tank
CMP 15cwt Truck
Light Vehicle Training
Infantry Section
Selects Light Vehicle Withdraw and Refit
Selects Radio Net
Radio Net
Construct Company Command Post
Selects Recon Artillery
Recon Artillery
Darbesky
PiiXIII
The Prancing Prawn
bla
0
0
Comments
sign in to comment!
No comments posted yet!